 Dungeon Crawl Stone Soup version 0.31-a0-175-g9f7f995f2b (webtiles) character file.

Game seed: 17004746892816086859

1472 qw the Cleaver (level 8, -1/51 HPs)
             Began as a Gargoyle Fighter on June 16, 2023.
             Slain by a yak (4 damage)
             ... on level 6 of the Dungeon.
             The game lasted 00:02:11 (4343 turns).

qw the Cleaver (Gargoyle Fighter)                   Turns: 4343, Time: 00:02:12

Health: -1/51      AC: 27    Str: 21    XL:     8   Next: 78%
Magic:  8/8        EV:  6    Int: 10    God:
Gold:   270        SH:  9    Dex:  9    Spells: 7/7 levels left

rFire   + . .        Y - +1 war axe (flame)
rCold   . . .        c - +0 buckler
rNeg    + . .        f - +0 plate armour
rPois   inf          (no helmet)
rElec   +            e - +2 cloak
rCorr   .            o - +0 pair of gloves
SInv    .            b - +0 pair of boots
Will    .....        n - amulet of reflection Stlth
                     h - +4 ring of protection
HPRegen 0.28/turn    k - ring of protection from fire
MPRegen 0.11/turn

%: reflection
@: about to teleport
A: sickness immunity, AC +5, negative energy resistance 1, electricity
resistance, torment resistance 1, petrification resistance
a: no special abilities


You were on level 6 of the Dungeon.
You visited 1 branch of the dungeon, and saw 6 of its levels.

You collected 342 gold pieces.
You spent 72 gold pieces at shops.


Innate Abilities, Weirdness & Mutations

You are immune to sickness and miasma.
Your stone body is resilient. (AC +5)
You are immune to poison.
You resist negative energy. (rN+)
You are resistant to electric shocks. (rElec)
You are resistant to unholy torment.
You are immune to petrification.


   Skills:
 - Level 6.0 Fighting
 - Level 8.0 Axes
 + Level 5.0 Armour
 - Level 1.5 Dodging
 - Level 3.2 Shields


You had 7 spell levels left.
You didn't know any spells.
Your spell library was empty.

Inventory:

Hand Weapons
 Y - a +1 war axe of flaming (weapon)
Armour
 b - a +0 pair of boots (worn)
 c - a +0 buckler (worn)
 e - a +2 cloak (worn)
 f - a +0 plate armour (worn)
 o - a +0 pair of gloves (worn)
Jewellery
 h - a +4 ring of protection (left hand)
 k - a ring of protection from fire (right hand)
 n - an amulet of reflection (around neck)
Scrolls
 a - a scroll of identify
 r - a scroll of fear {unknown}
Potions
 d - 4 potions of might
 g - a potion of magic {unknown}
 i - a potion of degeneration {unknown}
 j - a potion of resistance {unknown}
 l - a potion of enlightenment {unknown}
 m - 2 potions of attraction
 q - a potion of brilliance {unknown}
 s - 2 potions of curing
 t - a potion of haste {unknown}

Dungeon Overview and Level Annotations

Branches:
Dungeon (6/15)
 Temple: D:4-7

Altars:
Elyvilon
Kikubaaqudgha
Qazlal
Ru
Trog

Shops:
D:2 !

Annotations:
D:3 exclusion: moth of wrath


Message History

You block the yak's attack.
You slash the yak! You burn the yak.
The yak is almost dead.
The yak gores you but does no damage.
You slash the yak! You burn the yak.
You kill the yak!
Your Axes skill increases to level 8!
You barely miss the yak. The yak gores you but does no damage.
You closely miss the yak. The yak gores you but does no damage.
You barely miss the yak. The yak gores you!
You slash the yak! You burn the yak.
The yak is moderately wounded.
The yak gores you but does no damage.
You slash the yak! You burn the yak.
The yak is severely wounded.
You block the yak's attack.
You slash the yak! You burn the yak.
You kill the yak!
You block the yak's attack.
Your Fighting skill increases to level 6!
You hit the yak. You burn the yak.
The yak is lightly wounded.
The yak gores you!
You slash the yak! You burn the yak.
The yak is heavily wounded.
The yak gores you but does no damage.
You slash the yak! You burn the yak.
The yak is almost dead.
The yak gores you!
4342 ||| READING scroll of teleportation.
As you read the scroll of teleportation, it crumbles to dust.
You feel strangely unstable. You block the yak's attack.
You hit the yak. You burn the yak.
The yak is almost dead.
The yak gores you.
You die...

)).[.......#
##########.### #......#
. #.##.#.# .. # #.##.#.#
... ## #.##.#.# .... .##
##.##...# .....
..####...##..#####.....#
..'.............@YY.....
..####...##..#####Y#....
.## ##......# # # ##
#####.## # #.# ######.##
#.......# #.####.## #.#
###


You could see 3 yaks.

Vanquished Creatures
  2 yaks (D:6)
  Menkaure (D:6)
  An ogre (D:5)
  A phantom (D:5)
  A gnoll sergeant (D:6)
  A bullfrog (D:6)
  5 scorpions
  A hound (D:5)
  An orc priest (D:3)
  3 gnoll boudas
  A jelly (D:5)
  A sleepcap (D:6)
  An iguana (D:5)
  An orc wizard (D:3)
  11 gnolls
  6 adders
  A worm (D:3)
  2 dart slugs
  7 orcs
  5 ball pythons
  6 endoplasms
  3 giant cockroaches
  6 goblins
  3 hobgoblins
  2 jackals (D:4)
  4 quokkas
  4 bats
  3 frilled lizards
  6 kobolds
  9 rats
99 creatures vanquished.

Vanquished Creatures (others)
  A butterfly (D:5)
1 creature vanquished.

Grand Total: 100 creatures vanquished

Notes
Turn   | Place    | Note
-------+----------+-------------------------------------------
     0 | D:1      | qw the Gargoyle Fighter began the quest for the Orb.
     0 | D:1      | Reached XP level 1. HP: 14/14 MP: 1/1
     0 | D:1      | 0 ||| qw: Version: 0.2-a-29-g511e9b1
     0 | D:1      | 0 ||| qw: Game counter: 5911
     0 | D:1      | 0 ||| qw: Always use a shield: true
     0 | D:1      | 0 ||| qw: God list: Okawaru
     0 | D:1      | 0 ||| qw: Allow faded altars: false
     0 | D:1      | 0 ||| qw: Do Orc after D:15 true
     0 | D:1      | 0 ||| qw: Do second Lair branch before Depths: true
     0 | D:1      | 0 ||| qw: Lair rune preference: random
     0 | D:1      | 0 ||| qw: Plans: Normal, Zot:1-4, Slime:5, God:TSO, Crypt,
                  | Tomb, Abyss, Pan, Hells, Win
     0 | D:1      | 0 ||| PLANNING D:1-11
    72 | D:1      | Reached skill level 2 in Axes
   221 | D:1      | Reached XP level 2. HP: 19/19 MP: 2/2
   339 | D:1      | 339 ||| Stepping ~*~*~tactically~*~*~ (hiding).
   962 | D:1      | 962 ||| READING 2 scrolls labelled PIGUFI KUGOA.
   963 | D:1      | 963 ||| DROPPING +0 club.
   964 | D:1      | 964 ||| READING scroll of brand weapon.
   964 | D:1      | 964 ||| BRANDING +0 war axe of flaming.
   986 | D:1      | 986 ||| READING scroll labelled FONOX MANEAH.
   987 | D:1      | 987 ||| READING scroll labelled MAAPENLEIL.
  1005 | D:2      | 1005 ||| READING scroll of brand weapon.
  1005 | D:2      | 1005 ||| BRANDING +1 war axe of draining.
  1006 | D:2      | 1006 ||| DROPPING +0 club.
  1045 | D:2      | 1045 ||| Stepping ~*~*~tactically~*~*~ (stealth).
  1046 | D:2      | 1046 ||| Stepping ~*~*~tactically~*~*~ (stealth).
  1056 | D:2      | Reached skill level 3 in Axes
  1069 | D:2      | Identified the +0 ring mail of Uliddam {Rampage Str-5
                  | Dex+5}
  1104 | D:2      | Reached XP level 3. HP: 23/23 MP: 3/3
  1216 | D:2      | Found Rifoidos's Distillery.
  1220 | D:2      | 1220 ||| BUYING potion of curing (36 gold).
  1220 | D:2      | Bought a potion of curing for 36 gold pieces
  1220 | D:2      | 1220 ||| BUYING potion of curing (36 gold).
  1220 | D:2      | Bought a potion of curing for 36 gold pieces
  1220 | D:2      | 1220 ||| SHOPLISTING potion of haste (120 gold, have 38).
  1220 | D:2      | 1220 ||| SHOPLISTING potion of heal wounds (60 gold, have
                  | 38).
  1480 | D:2      | 1480 ||| DROPPING +0 ring mail of Uliddam {Rampage Str-5
                  | Dex+5}.
  1481 | D:2      | 1481 ||| UPGRADING to +2 cloak.
  1486 | D:2      | 1486 ||| UPGRADING to +0 plate armour.
  1496 | D:2      | 1496 ||| DROPPING +0 scale mail.
  1497 | D:2      | 1497 ||| READING scroll labelled MYLULEOTUNG.
  1633 | D:3      | 1633 ||| DRINKING 2 potions of curing.
  1633 | D:3      | 1633 ||| (to cure confusion)
  1638 | D:3      | 1638 ||| DRINKING potion of curing.
  1638 | D:3      | 1638 ||| (to cure confusion)
  1642 | D:3      | Reached XP level 4. HP: 25/28 MP: 4/4
  1660 | D:3      | Reached skill level 4 in Axes
  1691 | D:3      | 1691 ||| Stepping ~*~*~tactically~*~*~ (hiding).
  1886 | D:3      | Found an ancient bone altar of Kikubaaqudgha.
  2090 | D:3      | Noticed a moth of wrath
  2091 | D:3      | 2091 ||| UPGRADING to +0 pair of boots.
  2096 | D:3      | 2096 ||| UPGRADING to +0 pair of gloves.
  2101 | D:3      | 2101 ||| UPGRADING to amulet of reflection.
  2106 | D:3      | 2106 ||| READING 2 scrolls labelled MIR FAITRO.
  2107 | D:3      | 2107 ||| READING scroll labelled YBLAUL CIRU.
  2111 | D:3      | Found a bloodstained altar of Trog.
  2118 | D:3      | 2118 ||| READING scroll labelled MAGAWOANL EREC.
  2251 | D:3      | 2251 ||| DRINKING 2 sedimented ruby potions.
  2252 | D:3      | 2252 ||| DROPPING potion of invisibility.
  2292 | D:4      | 2292 ||| Stepping ~*~*~tactically~*~*~ (hiding).
  2293 | D:4      | 2293 ||| Stepping ~*~*~tactically~*~*~ (hiding).
  2294 | D:4      | 2294 ||| Stepping ~*~*~tactically~*~*~ (hiding).
  2295 | D:4      | 2295 ||| Stepping ~*~*~tactically~*~*~ (hiding).
  2404 | D:4      | 2404 ||| STAIRDANCE
  2412 | D:4      | You fall into a shaft and drop 2 floors!
  2423 | D:6      | Noticed a bullfrog
  2429 | D:6      | Killed a bullfrog
  2430 | D:6      | Reached skill level 5 in Axes
  2430 | D:6      | Reached XP level 5. HP: 32/32 MP: 5/5
  2468 | D:6      | Noticed Menkaure
  2469 | D:6      | 2469 ||| Stepping ~*~*~tactically~*~*~ (hiding).
  2483 | D:6      | Killed Menkaure
  2484 | D:6      | Reached XP level 6. HP: 18/40 MP: 6/6
  2590 | D:5      | Entered Level 5 of the Dungeon
  2602 | D:5      | 2602 ||| Stepping ~*~*~tactically~*~*~ (stealth).
  2603 | D:5      | 2603 ||| Stepping ~*~*~tactically~*~*~ (stealth).
  2663 | D:5      | Reached XP level 7. HP: 44/44 MP: 7/7
  2691 | D:4      | Reached skill level 6 in Axes
  2742 | D:4      | 2742 ||| Stepping ~*~*~tactically~*~*~ (stealth).
  2750 | D:4      | 2750 ||| UPGRADING to +4 ring of protection.
  2772 | D:4      | 2772 ||| STAIRDANCE
  2773 | D:3      | Found a sacrificial altar of Ru.
  2773 | D:3      | Found a stormy altar of Qazlal.
  3089 | D:4      | 3089 ||| UPGRADING to ring of protection from fire.
  3090 | D:4      | 3090 ||| DRINKING 3 fuming red potions.
  3166 | D:5      | Found a white marble altar of Elyvilon.
  3320 | D:5      | 3320 ||| Stepping ~*~*~tactically~*~*~ (hiding).
  3388 | D:5      | 3388 ||| FLEEEEING.
  3389 | D:5      | 3389 ||| FLEEEEING.
  3390 | D:5      | 3390 ||| FLEEEEING.
  3391 | D:5      | 3391 ||| FLEEEEING.
  3392 | D:5      | 3392 ||| FLEEEEING.
  3393 | D:5      | 3393 ||| FLEEEEING.
  3394 | D:5      | 3394 ||| FLEEEEING.
  3395 | D:5      | 3395 ||| FLEEEEING.
  3396 | D:5      | 3396 ||| FLEEEEING.
  3397 | D:5      | 3397 ||| FLEEEEING.
  3468 | D:5      | 3468 ||| Stepping ~*~*~tactically~*~*~ (hiding).
  3473 | D:5      | Reached skill level 7 in Axes
  3474 | D:5      | 3474 ||| Stepping ~*~*~tactically~*~*~ (stealth).
  3776 | D:5      | 3776 ||| DROPPING ring of wizardry.
  3777 | D:5      | 3777 ||| DROPPING ring of magical power.
  3778 | D:5      | 3778 ||| READING scroll labelled QOFUNG JIABBIX.
  3817 | D:5      | Reached XP level 8. HP: 47/49 MP: 8/8
  3961 | D:6      | 3961 ||| Stepping ~*~*~tactically~*~*~ (stealth).
  3962 | D:6      | 3962 ||| Stepping ~*~*~tactically~*~*~ (stealth).
  3971 | D:6      | 3971 ||| Stepping ~*~*~tactically~*~*~ (stealth).
  3972 | D:6      | 3972 ||| Stepping ~*~*~tactically~*~*~ (stealth).
  3976 | D:6      | Reached skill level 1 in Dodging
  3999 | D:6      | 3999 ||| Stepping ~*~*~tactically~*~*~ (hiding).
  4004 | D:6      | 4004 ||| Stepping ~*~*~tactically~*~*~ (hiding).
  4317 | D:6      | Noticed a yak
  4317 | D:6      | Noticed a yak
  4317 | D:6      | Noticed a yak
  4318 | D:6      | 4318 ||| Stepping ~*~*~tactically~*~*~ (stealth).
  4319 | D:6      | Noticed a yak
  4320 | D:6      | Noticed a yak
  4321 | D:6      | 4321 ||| Stepping ~*~*~tactically~*~*~ (stealth).
  4322 | D:6      | Noticed a yak
  4332 | D:6      | Killed a yak
  4333 | D:6      | Reached skill level 8 in Axes
  4338 | D:6      | Killed a yak
  4339 | D:6      | Reached skill level 6 in Fighting
  4341 | D:6      | HP: 2/51 [yak (12)]
  4342 | D:6      | 4342 ||| READING scroll of teleportation.
  4343 | D:6      | Slain by a yak

Levels and vault maps discovered:
D:1:      elethiomel_arrival_maze, layout_loops_ring
D:2:      layout_basic, serial_shops, shop, minmay_misc_feat_diagonals,
          serial_bayou_pond_c, minmay_bisected
D:3:      layout_basic, nicolae_kikubaaqudgha_miasma_corner, tgw_trog,
          nicolae_overflow_hidden_temple, grunt_decor_one_mirror,
          minmay_misc_feat_iff, grunt_ministairs_10
D:4:      layout_cave_pools
D:5:      kennysheep_spiral_hall, layout_cave_pools,
          nicolae_elyvilon_peaceful_grove
D:6:      layout_loops_corners, minmay_a_box_with_orc_wizards_in_it,
          uniq_maggie, uniq_pikel, uniq_menkaure

Skill      XL: |  1  2  3  4  5  6  7  8 |
---------------+-------------------------+-----
Axes           | 2 3 5 7 8 |  8.0
Fighting       | 4 5 6 |  6.0
Armour         | 4 5 |  5.0
Dodging        | 1 |  1.5
Shields        | |  3.2

Action                     |  1- 3 |  4- 6 |  7- 9 || total
---------------------------+-------+-------+-------++-------
  Melee: War axe           |    82 |    46 |   134 ||   262
  Throw: Boomerang         |     7 |    22 |    13 ||    42
    Use: Scroll            |     6 |     3 |     2 ||    11
         Potion            |     2 |     1 |     1 ||     4
 Armour: Scale mail        |    32 |       |       ||    32
         Plate armour      |     7 |    22 |    76 ||   105
  Dodge: Dodged            |    33 |     9 |    19 ||    61
  Block: Buckler           |    19 |    14 |    47 ||    80
         Reflection        |       |       |     1 ||     1

Table legend:
 A = Non-vault XP
 B = Vault XP
 C = Vault XP percentage of total XP
 D = Non-vault monster count
 E = Vault monster count
 F = Vault count percentage of total count
                 A         B        C        D         E       F
            +---------+---------+-------+---------+---------+-------
      Total |    1850 |     253 |  12.0 |      89 |      10 |  10.1
            +---------+---------+-------+---------+---------+-------
        D:1 |      28 |       0 |   0.0 |      18 |       0 |   0.0
        D:2 |      20 |       2 |   9.1 |      14 |       1 |   6.7
        D:3 |      99 |       9 |   8.3 |      11 |       4 |  26.7
        D:4 |     140 |       0 |   0.0 |      14 |       0 |   0.0
        D:5 |     614 |      59 |   8.8 |      15 |       4 |  21.1
        D:6 |     949 |     183 |  16.2 |      17 |       1 |   5.6
            +---------+---------+-------+---------+---------+-------
